 Dungeon Crawl Stone Soup version 0.31-a0-841-g038b102fc3 (webtiles) character file.

Game seed: 4351282312956512142

11592 croobank the Covert (level 11, -1/89 HPs)
             Began as a Gnoll Delver on Sept 27, 2023.
             Slain by an entropy weaver (8 damage)
             ... in a Gauntlet.
             The game lasted 01:05:10 (10972 turns).

croobank the Covert (Gnoll Delver)                 Turns: 10972, Time: 01:05:11

Health: -1/89      AC:  7    Str: 11    XL:     11   Next: 80%
Magic:  16/21      EV:  9    Int: 21    God:
Gold:   702        SH:  0    Dex: 18    Spells: 11/23 levels left

rFire   + . .        a - +3 short sword (speed)
rCold   x . .        (no shield)
rNeg    . . .        I - +1 robe of Vines {NoPotionHeal Regen++++}
rPois   .            n - +1 helmet
rElec   .            B - +0 cloak
rCorr   .            s - +1 pair of gloves
SInv    .            l - +1 pair of boots
Will    .....        V - amulet of magic regeneration
Stlth   +++++        A - ring of Sabried {Fire Int+2 Dex+3}
HPRegen 3.54/turn    K - +6 ring of intelligence
MPRegen 0.57/turn

%: no teleportation
@: corroded, freezing walls, held
A: fangs 1, strong nose, distributed training
a: no special abilities


You were in a Gauntlet.
You visited 2 branches of the dungeon, and saw 13 of its levels.
You also visited: Sewer and Gauntlet.

You collected 854 gold pieces.
You spent 152 gold pieces at shops.

Inventory:

Hand Weapons
 a - a +3 short sword of speed (weapon)
 b - the +6 sling of the Coward {freeze, Dex+2}
   (You found it on level 5 of the Dungeon)

   Dex+2:     It affects your dexterity (+2).
 H - the +6 spear "Gask" {holy, Drain rC+ Will++ Dex+3}
   (You took it off a gnoll on level 4 of the Dungeon)

   Dex+3:     It affects your dexterity (+3).
   rC+:       It protects you from cold.
   Will++:    It greatly increases your willpower.
   Drain:     It drains your maximum health when unequipped.
 R - a +1 antimagic dagger
Missiles
 p - 6 javelins
 N - 3 curare-tipped darts
Armour
 l - a +1 pair of boots (worn)
 n - a +1 helmet (worn)
 s - a +1 pair of gloves (worn)
 B - a +0 cloak (worn)
 I - the +1 robe of Vines (worn) {NoPotionHeal Regen++++}
   (You acquired it on level 5 of the Dungeon)

   NoPotionHeal: Its wearer cannot be healed by potions.
   Regen++++: It increases your rate of health regeneration.
Jewellery
 f - the ring "Ynofoc" {rElec Will+}
   (You found it in a Gauntlet)

   [ring of willpower]

   rElec:     It insulates you from electricity.
   Will+:     It increases your willpower.
 v - a +4 ring of protection
 w - a ring of protection from cold
 A - the ring of Sabried (left hand) {Fire Int+2 Dex+3}
   (You found it on level 2 of the Dungeon)

   [ring of fire]

   Fire:      It enhances your fire magic.
   Int+2:     It affects your intelligence (+2).
   Dex+3:     It affects your dexterity (+3).
   rF+:       It protects you from fire.
   rC-:       It makes you vulnerable to cold.
 D - a ring of poison resistance
 K - a +6 ring of intelligence (right hand)
 L - a ring of ice
 M - a ring of ice
 V - an amulet of magic regeneration (around neck)
 Z - a ring of magical power
Wands
 e - a wand of charming (15)
 g - a wand of digging (1)
 x - a wand of iceblast (4)
 C - a wand of flame (41)
 W - a wand of light (10)
Scrolls
 c - 2 scrolls of fog
 d - 5 scrolls of revelation
 k - 4 scrolls of identify
 G - 3 scrolls of teleportation
 P - 2 scrolls of fear
 X - a scroll of blinking
Potions
 i - 3 potions of haste
 o - 3 potions of heal wounds
 q - 2 potions of magic
 r - 2 potions of might
 t - a potion of lignification
 u - 5 potions of enlightenment
 E - 2 potions of invisibility
 F - 4 potions of curing
 J - a potion of attraction


   Skills:
 + Level 9.5 Fighting
 + Level 8.2 Short Blades
 + Level 6.7 Long Blades
 + Level 6.7 Axes
 + Level 6.7 Maces & Flails
 + Level 6.7 Polearms
 + Level 6.7 Staves
 + Level 6.7 Ranged Weapons
 + Level 6.7 Throwing
 + Level 6.7 Armour
 + Level 8.2 Dodging
 + Level 11.7 Stealth
 + Level 6.7 Shields
 + Level 6.7 Unarmed Combat
 + Level 6.7 Spellcasting
 + Level 5.6 Conjurations
 + Level 5.6 Hexes
 + Level 5.6 Summonings
 + Level 5.6 Necromancy
 + Level 5.6 Translocations
 + Level 5.6 Transmutations
 + Level 5.6 Fire Magic
 + Level 5.6 Ice Magic
 + Level 5.6 Air Magic
 + Level 5.6 Earth Magic
 + Level 5.6 Poison Magic
 + Level 7.4 Invocations
 + Level 6.7 Evocations
 + Level 6.1 Shapeshifting


You had 11 spell levels left.
You knew the following spells:

 Your Spells              Type           Power      Damage    Failure   Level
a - Frozen Ramparts       Ice            60%        1d10      2%          3
b - Iskenderun's Mystic   Conj/Tloc      30%        2d8       9%          4
c - Ensorcelled Hibernat  Hex/Ice        60%        N/A       1%          2
d - Hailstorm             Conj/Ice       30%        3d8       2%          3

Your spell library contained the following spells:

 Spells                   Type           Power      Damage    Failure   Level
 Freeze                   Ice            100%       1d10      1%          1
 Jinxbite                 Hex            60%        N/A       1%          2
 Tukima's Dance           Hex            30%        N/A       2%          3
 Anguish                  Hex/Necr       15%        N/A       9%          4
 Dimensional Bullseye     Hex/Tloc       15%        N/A       9%          4


Dungeon Overview and Level Annotations

Branches:
Dungeon (12/15)            Temple (1/1) D:6            Lair (0/5) D:8
    Orc (0/2) D:9           Sewer (visited)         Gauntlet (1/1)

Altars:
Ashenzari
Cheibriados
Dithmenos
Elyvilon
Fedhas
Gozag
Hepliaklqana
Kikubaaqudgha
Makhleb
Nemelex Xobeh
Okawaru
Qazlal
Ru
Sif Muna
Trog
Uskayaw
Vehumet
Wu Jian
Xom
Yredelemnul
Zin
The Shining One

Shops:
D:10 ?

Annotations:
D:3 1 runed translucent door, Crazy Yiuf
D:12 exclusion: skeletal warrior Gauntlet 9 transporters, 1 runed translucent door


Innate Abilities, Weirdness & Mutations

You have very sharp teeth.
Your uncanny sense of smell can sniff out nearby items.
Your experience applies equally to all skills.


Message History

Aim: an entropy weaver (lightly wounded, chance to affect: 26%)
The entropy weaver looks drowsy...
The jumping spider leaps!
The wall freezes the entropy weaver.
The entropy weaver hits you!
The entropy weaver hits you but does no damage.
The entropy weaver hits you. The entropy weaver barely misses you.
The jumping spider leaps!
You are caught in a web!
Casting: Ensorcelled Hibernation (safe; 1% risk of failure)
Confirm with . or Enter, or press ? or * to list all spells.
Aiming: Ensorcelled Hibernation (safe; 1% risk of failure)
Press: ? - help, Shift-Dir - straight line, f - jumping spider, p - entropy weaver
Aim: a jumping spider (chance to affect: 60%)
The jumping spider resists with significant effort.
The jumping spider leaps!
The wall freezes the entropy weaver!
The entropy weaver hits you! The entropy weaver barely misses you.
The entropy weaver hits you! x2
* * * LOW HITPOINT WARNING * * *
Okay, then.
Okay, then.
Aiming: Bolt of Light
Press: ? - help, Shift-Dir - straight line, f - entropy weaver, p - jumping spider
Aim: an entropy weaver (lightly wounded, 64% to hit)
The bolt of light misses the entropy weaver.
The wall freezes the entropy weaver.
The entropy weaver hits you. x3
* * * LOW HITPOINT WARNING * * *
The entropy weaver hits you!
* * * LOW HITPOINT WARNING * * *
Aiming: Bolt of Light
Press: ? - help, Shift-Dir - straight line, f/p - entropy weaver
Aim: an entropy weaver (lightly wounded, 64% to hit)
The bolt of light hits the entropy weaver!
The entropy weaver is moderately wounded.
The entropy weaver is blinded.
The wall freezes the entropy weaver.
The entropy weaver hits you.
* * * LOW HITPOINT WARNING * * *
The entropy weaver hits you but does no damage.
The entropy weaver hits you!
* * * LOW HITPOINT WARNING * * *
The entropy weaver hits you!
You die...

.♣.♣.♣.####..#..##...≈##
.......#©#.##©##©#.P.##
########.##..#..##.♣.≈##
..##...#.#.##.##h#.P.≈≈#
.#†..###.#.....h2#...≈##
.#†^#..#.#########.P.##
..#©#.©#©#.........♣.≈##
..#^.#.#.#########...≈≈#
##...#.#.#..8#8.@#...≈##
...##..#.#...8..B#.P.##
########.#8.8.8.?#.♣..##..
.......#©##8.©.8©#..P..#.♣
...♣P..###8.8.8.s#..P♣.#..
...PP....#...8..$#.....#.©
.#≈#≈#P..#..8#8..#.....#..
.≈≈≈≈≈...#########.....#.©
.#≈#≈#.♣............∩..#..


You could see a hell beast, an entropy weaver (blind), a jumping spider and 2
hell hounds.

Vanquished Creatures
  A fire crab (Gauntlet)
  A gargoyle (D:10)
  A komodo dragon (D:9)
  A kobold demonologist (D:10)
  4 trolls
  A vampire (D:9)
  Sigmund (D:6)
  A shadow (D:11)
  2 fire bats (Gauntlet)
  A wyvern (D:11)
  16 yaks
  A steam dragon (D:7)
  4 vampire mosquitoes (D:11)
  Menkaure (D:5)
  An acid dragon (D:11)
  Edmund (D:6)
  2 swamp worms (Gauntlet)
  A water moccasin (D:6)
  3 orc warriors
  2 black bears (D:5)
  4 ogres
  A wolf (D:8)
  10 centaurs
  2 phantoms (D:4)
  13 kobold brigands
  3 bullfrogs
  2 scorpions (D:5)
  A gnoll sergeant (D:11)
  3 wights (D:6)
  4 killer bees (D:8)
  3 electric eels (D:8)
  10 hounds
  2 orc priests
  4 jellies
  3 sleepcaps
  2 gnoll boudas
  5 orc wizards
  Robin (D:3)
  14 gnolls
  16 adders
  6 river rats
  3 shadow imps
  2 white imps (D:6)
  2 worms (D:2)
  3 dart slugs
  27 orcs
  10 ball pythons
  5 endoplasms
  13 giant cockroaches
  15 goblins
  9 hobgoblins
  4 jackals (Sewer)
  5 quokkas
  3 bats
  11 frilled lizards
  57 kobolds
  8 kobold skeletons (D:10)
  10 kobold zombies (D:10)
  5 rats
347 creatures vanquished.

Vanquished Creatures (others)
  An endoplasm (D:4)
  A quokka (D:4)
2 creatures vanquished.

Grand Total: 349 creatures vanquished

Notes
Turn   | Place    | Note
-------+----------+-------------------------------------------
     0 | D:5      | Reached skill level 9 in Stealth
     0 | D:5      | croobank the Gnoll Delver began the quest for the Orb.
     0 | D:5      | Reached XP level 1. HP: 23/23 MP: 1/1
     3 | D:6      | Noticed a hound
     7 | D:6      | Killed a hound
     8 | D:6      | Reached XP level 2. HP: 29/29 MP: 1/3
     8 | D:6      | Reached XP level 3. HP: 35/35 MP: 1/4
    63 | D:6      | Noticed a water moccasin
    70 | D:6      | Killed a water moccasin
    71 | D:6      | Reached skill level 1 in Long Blades
    71 | D:6      | Reached skill level 1 in Axes
    71 | D:6      | Reached skill level 1 in Maces & Flails
    71 | D:6      | Reached skill level 1 in Polearms
    71 | D:6      | Reached skill level 1 in Staves
    71 | D:6      | Reached skill level 1 in Ranged Weapons
    71 | D:6      | Reached skill level 1 in Throwing
    71 | D:6      | Reached skill level 1 in Armour
    71 | D:6      | Reached skill level 1 in Shields
    71 | D:6      | Reached skill level 1 in Unarmed Combat
    71 | D:6      | Reached skill level 1 in Spellcasting
    71 | D:6      | Reached skill level 1 in Conjurations
    71 | D:6      | Reached skill level 1 in Hexes
    71 | D:6      | Reached skill level 1 in Summonings
    71 | D:6      | Reached skill level 1 in Necromancy
    71 | D:6      | Reached skill level 1 in Translocations
    71 | D:6      | Reached skill level 1 in Transmutations
    71 | D:6      | Reached skill level 1 in Fire Magic
    71 | D:6      | Reached skill level 1 in Ice Magic
    71 | D:6      | Reached skill level 1 in Air Magic
    71 | D:6      | Reached skill level 1 in Earth Magic
    71 | D:6      | Reached skill level 1 in Poison Magic
    71 | D:6      | Reached skill level 1 in Invocations
    71 | D:6      | Reached skill level 1 in Evocations
    71 | D:6      | Reached skill level 1 in Shapeshifting
    71 | D:6      | Reached XP level 4. HP: 41/41 MP: 4/6
    71 | D:6      | Reached XP level 5. HP: 47/47 MP: 4/7
    94 | D:6      | Noticed Sigmund
   398 | D:5      | Found a shadowy altar of Dithmenos.
   398 | D:5      | Identified the +6 sling of the Coward {freeze, Dex+2}
   414 | D:5      | Noticed Menkaure
   430 | D:5      | Killed Menkaure
   431 | D:5      | Reached skill level 5 in Short Blades
   431 | D:5      | Reached skill level 5 in Dodging
   431 | D:5      | Reached XP level 6. HP: 10/53 MP: 7/9
   634 | D:5      | Noticed a yak
   710 | D:4      | Reached XP level 7. HP: 50/59 MP: 10/10
   775 | D:4      | Found a white marble altar of Elyvilon.
   801 | D:3      | Noticed Robin
   822 | D:3      | Killed Robin
   910 | D:3      | Found a glowing drain.
   914 | Sewer    | Entered a sewer
  1987 | D:3      | Found a basalt altar of Yredelemnul.
  2058 | D:3      | Found a runed translucent door.
  2059 | D:3      | Noticed Crazy Yiuf
  2131 | D:3      | Reached skill level 10 in Stealth
  2638 | D:2      | Identified the ring of Sabried {Fire Int+2 Dex+3}
  3714 | D:4      | Found a hazy altar of Hepliaklqana.
  3746 | D:4      | Reached XP level 8. HP: 67/67 MP: 12/12
  3902 | D:4      | Identified the +6 spear "Gask" {holy, Drain rC+ Will++
                  | Dex+3}
  4121 | D:5      | Identified 2 scrolls of acquirement
  4121 | D:5      | Acquired the +1 robe of Vines {NoPotionHeal Regen++++}
  4121 | D:5      | Found the +1 robe of Vines {NoPotionHeal Regen++++}
  4180 | D:5      | Killed a yak
  4307 | D:5      | Acquired a book of Frost
  4313 | D:5      | Learned a level 3 spell: Frozen Ramparts
  4375 | D:5      | Noticed a yak
  4375 | D:5      | Noticed a yak
  4388 | D:5      | Killed a yak
  4389 | D:5      | Reached XP level 9. HP: 73/73 MP: 14/14
  4410 | D:5      | Found a shimmering blue altar of Sif Muna.
  5076 | D:6      | Killed Sigmund
  5099 | D:6      | Found a staircase to the Ecumenical Temple.
  5108 | Temple   | Entered the Ecumenical Temple
  5480 | D:6      | Found a shimmering altar of Xom.
  5565 | D:6      | Reached skill level 5 in Invocations
  5758 | D:6      | Noticed Edmund
  5774 | D:6      | Killed Edmund
  6285 | D:7      | Learned a level 4 spell: Iskenderun's Mystic Blast
  6844 | D:8      | Reached XP level 10. HP: 80/80 MP: 17/17
  6892 | D:8      | Reached skill level 5 in Long Blades
  6892 | D:8      | Reached skill level 5 in Axes
  6892 | D:8      | Reached skill level 5 in Maces & Flails
  6892 | D:8      | Reached skill level 5 in Polearms
  6892 | D:8      | Reached skill level 5 in Staves
  6892 | D:8      | Reached skill level 5 in Ranged Weapons
  6892 | D:8      | Reached skill level 5 in Throwing
  6892 | D:8      | Reached skill level 5 in Armour
  6892 | D:8      | Reached skill level 5 in Shields
  6892 | D:8      | Reached skill level 5 in Unarmed Combat
  6892 | D:8      | Reached skill level 5 in Spellcasting
  6892 | D:8      | Reached skill level 5 in Evocations
  7038 | D:8      | Found a staircase to the Lair.
  7176 | D:8      | Found a stormy altar of Qazlal.
  7776 | D:9      | Found a staircase to the Orcish Mines.
  7933 | D:9      | Reached skill level 11 in Stealth
  8071 | D:9      | Reached skill level 5 in Shapeshifting
  8525 | D:10     | Entered Level 10 of the Dungeon
  8864 | D:10     | Reached XP level 11. HP: 85/87 MP: 19/19
  8968 | D:10     | Found The Oracle's Delphic Readings.
  8973 | D:10     | Bought a scroll of brand weapon for 152 gold pieces
  9015 | D:10     | Reached skill level 5 in Conjurations
  9015 | D:10     | Reached skill level 5 in Hexes
  9015 | D:10     | Reached skill level 5 in Summonings
  9015 | D:10     | Reached skill level 5 in Necromancy
  9015 | D:10     | Reached skill level 5 in Translocations
  9015 | D:10     | Reached skill level 5 in Transmutations
  9015 | D:10     | Reached skill level 5 in Fire Magic
  9015 | D:10     | Reached skill level 5 in Ice Magic
  9015 | D:10     | Reached skill level 5 in Air Magic
  9015 | D:10     | Reached skill level 5 in Earth Magic
  9015 | D:10     | Reached skill level 5 in Poison Magic
  9114 | D:10     | Found a sparkling altar of Nemelex Xobeh.
  9480 | D:10     | Found an ancient bone altar of Kikubaaqudgha.
  9537 | D:10     | Noticed a sun demon
  9611 | D:10     | Found an opulent altar of Gozag.
 10426 | D:12     | Noticed a skeletal warrior
 10426 | D:12     | Noticed a skeletal warrior
 10446 | D:12     | Found a gate leading to a gauntlet.
 10469 | Gauntlet | Entered a Gauntlet
 10469 | Gauntlet | Found a transporter.
 10475 | Gauntlet | Found a transporter.
 10476 | Gauntlet | Found a transporter.
 10490 | Gauntlet | Found a transporter.
 10492 | Gauntlet | Found a transporter.
 10495 | Gauntlet | Noticed an entropy weaver
 10496 | Gauntlet | Noticed a hell beast
 10502 | Gauntlet | Found a transporter.
 10518 | Gauntlet | Found a transporter.
 10525 | Gauntlet | Noticed a wizard
 10528 | Gauntlet | Found a transporter.
 10528 | Gauntlet | Noticed a wizard
 10532 | Gauntlet | Found a transporter.
 10532 | Gauntlet | Found a transporter.
 10535 | Gauntlet | Found a runed translucent door.
 10542 | Gauntlet | Found a transporter.
 10544 | Gauntlet | Noticed a death scarab
 10545 | Gauntlet | Found a transporter.
 10579 | Gauntlet | Noticed a death yak
 10581 | Gauntlet | Noticed a necromancer
 10581 | Gauntlet | Noticed a death yak
 10581 | Gauntlet | Noticed a death yak
 10582 | Gauntlet | Found a transporter.
 10587 | Gauntlet | Found a transporter.
 10728 | Gauntlet | Noticed a fire crab
 10766 | Gauntlet | Upgraded the game from 0.31-a0-836-g3ceb0a68c4 to
                  | 0.31-a0-841-g038b102fc3
 10841 | Gauntlet | Learned a level 2 spell: Ensorcelled Hibernation
 10845 | Gauntlet | Learned a level 3 spell: Hailstorm
 10852 | Gauntlet | Killed a fire crab
 10857 | Gauntlet | Identified the ring "Ynofoc" {rElec Will+}
 10966 | Gauntlet | Identified the ring of Mauront {rPois rC++ Will+ Int-2
                  | Stlth+}
 10972 | Gauntlet | Slain by an entropy weaver

Illustrated notes

Levels and vault maps discovered:
D:1:      eino_arrival_druids_welcome, layout_rooms, minmay_lizard_pond
D:2:      layout_loops_ring
D:3:      minmay_roachtagon, layout_loops_ring,
          mainiacjoe_overflow_cross_hatched, gup_sewer_entry_bowl,
          uniq_crazy_yiuf_cottage, uniq_robin
D:4:      layout_basic, nicolae_hepliaklqana_hazy_memory, elyvilon_altar_4
D:5:      black_bear_nest_2, layout_gridville, nicolae_dithmenos_shadow_blocks,
          lemuel_doored_altar, minmay_fractal_squares_5, uniq_menkaure
D:6:      layout_gridville, xom_butterflies, minmay_temple_entry_trees,
          sigmund_edmund_badplayer
D:7:      layout_basic, hangedman_abyss_or_decor_stabs
D:8:      layout_gridville, nicolae_qazlal_style_of_elements, erik_lair_island
D:9:      layout_roguey, orc_david_3
D:10:     wander_kiku_kobolds, layout_cave_pools,
          nicolae_overflow_hidden_temple, nicolae_nh_oracle_at_delphi
D:11:     layout_roguey
D:12:     layout_long_grid, gauntlet_entry_generic,
          gammafunk_ghost_abyssal_escape, uniq_urug, uniq_maurice, uniq_nergalle
Temple:   minmay_temple_bridge_abc
Gauntlet: minmay_gauntlet_77_tree [minmay_gauntlet_arena_77_box,
          minmay_gauntlet_arena_77_squiggly, minmay_gauntlet_arena_77_path,
          minmay_gauntlet_arena_77_braids,
          minmay_gauntlet_arena_77_terracotta_army,
          minmay_gauntlet_arena_77_mess, minmay_gauntlet_arena_77_broken_ladder,
          gauntlet_exit_green]

Skill      XL: |  1  2  3  4  5  6  7  8  9 10 11 |
---------------+----------------------------------+-----
Stealth        | 10 11 | 11.7
Long Blades    | 1 2 3 4 5 6 |  6.7
Axes           | 1 2 3 4 5 6 |  6.7
Maces & Flails | 1 2 3 4 5 6 |  6.7
Polearms       | 1 2 3 4 5 6 |  6.7
Staves         | 1 2 3 4 5 6 |  6.7
Ranged Weapons | 1 2 3 4 5 6 |  6.7
Throwing       | 1 2 3 4 5 6 |  6.7
Armour         | 1 2 3 4 5 6 |  6.7
Shields        | 1 2 3 4 5 6 |  6.7
Unarmed Combat | 1 2 3 4 5 6 |  6.7
Spellcasting   | 1 2 3 4 5 6 |  6.7
Conjurations   | 1 2 3 4 5 |  5.6
Hexes          | 1 2 3 4 5 |  5.6
Summonings     | 1 2 3 4 5 |  5.6
Necromancy     | 1 2 3 4 5 |  5.6
Translocations | 1 2 3 4 5 |  5.6
Transmutations | 1 2 3 4 5 |  5.6
Fire Magic     | 1 2 3 4 5 |  5.6
Ice Magic      | 1 2 3 4 5 |  5.6
Air Magic      | 1 2 3 4 5 |  5.6
Earth Magic    | 1 2 3 4 5 |  5.6
Poison Magic   | 1 2 3 4 5 |  5.6
Invocations    | 1 2 3 4 5 6 7 |  7.4
Evocations     | 1 2 3 4 5 6 |  6.7
Shapeshifting  | 1 2 3 4 5 6 |  6.1
Short Blades   | 5 6 7 8 |  8.2
Dodging        | 5 6 7 8 |  8.2
Fighting       | 7 8 9 |  9.5

Action                     |  1- 3 |  4- 6 |  7- 9 | 10-12 || total
---------------------------+-------+-------+-------+-------++-------
  Melee: Short sword       |     2 |    13 |    77 |   178 ||   270
         Bite              |       |     1 |    13 |    57 ||    71
         Punch             |       |       |     3 |     9 ||    12
         Spear             |       |       |       |    76 ||    76
   Fire: Sling             |       |    29 |   399 |   482 ||   910
   Cast: Frozen Ramparts   |       |       |       |    13 ||    13
         Iskenderun's Myst |       |       |       |     3 ||     3
         Ensorcelled Hiber |       |       |       |     9 ||     9
  Evoke: Wand              |       |       |     2 |     3 ||     5
    Use: Scroll            |       |     1 |    21 |    11 ||    33
         Potion            |       |     1 |     1 |       ||     2
   Stab: Sleeping          |     2 |       |     4 |     4 ||    10
 Armour: Leather armour    |       |     9 |    37 |       ||    46
         Robe              |       |       |    42 |   328 ||   370
  Dodge: Dodged            |       |       |   132 |   314 ||   446

Table legend: (Time is in decaauts)
 A = Elapsed time spent in this place.
 B = Non-inter-level travel time spent in this place.
 C = Inter-level travel time spent in this place.
 D = Time resting spent in this place.
 E = Time spent auto-exploring this place.
 F = Levels seen in this place.
 G = Mean time per level.
                   A        B        C        D        E       F      G
               +--------+--------+--------+--------+--------+-----+--------+
         Total |  11134 |  10645 |    489 |   1341 |   5939 |  15 |  742.3 |
       Dungeon |   9516 |   9079 |    437 |    964 |   5441 |  12 |  793.0 |
        Temple |     68 |     16 |     52 |      0 |      0 |   1 |   68.0 |
         Sewer |   1060 |   1060 |      0 |    264 |    487 |   1 | 1060.0 |
      Gauntlet |    488 |    488 |      0 |    113 |     11 |   1 |  488.0 |
               +--------+--------+--------+--------+--------+-----+--------+

Top non-repeatable levels by time:
     D:6: 1340 daAuts
     D:5: 1159 daAuts
    D:10: 1145 daAuts
   Sewer: 1060 daAuts
     D:9: 972 daAuts
     D:3: 919 daAuts
     D:8: 881 daAuts
     D:7: 717 daAuts
     D:4: 670 daAuts
    D:11: 668 daAuts
     D:2: 636 daAuts
Gauntlet: 488 daAuts
     D:1: 360 daAuts
  Temple: 68 daAuts
    D:12: 42 daAuts
